 Dungeon Crawl Stone Soup version 0.22.1-2-g9c5b331383 (webtiles) character file.

135 Marnok the Ruffian (level 4, -1/45 HPs)
             Began as a Troll Monk on Dec 7, 2018.
             Slain by a gnoll (4 damage)
             ... on level 3 of the Dungeon.
             The game lasted 00:08:57 (1425 turns).

Marnok the Ruffian (Troll Monk)                     Turns: 1425, Time: 00:08:59

Health: -1/45      AC:  5    Str: 19    XL:     4   Next: 97%
Magic:  0/3        EV: 11    Int:  6    God:
Gold:   133        SH:  0    Dex: 13    Spells: 3/3 levels left

rFire    . . .     SeeInvis .     - Unarmed
rCold    . . .     Gourm    +   (no shield)
rNeg     . . .     Faith    .   a - +0 robe
rPois    .         Spirit   +   (helmet restricted)
rElec    .         Reflect  .   k - scarf {Spirit}
rCorr    .         Harm     .   (gloves unavailable)
MR       .....                  (boots unavailable)
Stlth    ++........             (no amulet)
HPRegen  0.55/turn              (no ring)
MPRegen  0.08/turn              (no ring)

@: no status effects
A: large, unfitting armour, claws 3, fast metabolism 3, gourmand, regeneration
1, shaggy fur 1, tough skin 2
a: no special abilities


You were on level 3 of the Dungeon.
You were not hungry.

You visited 1 branch of the dungeon, and saw 3 of its levels.

You collected 133 gold pieces.

Inventory:

Armour
 a - a +0 robe (worn)
 k - a scarf of spirit shield (worn)
 n - a +2 cloak
Jewellery
 q - an uncursed ring of protection from cold {unknown}
Scrolls
 e - a scroll of amnesia {unknown}
 f - 2 scrolls of remove curse
 g - 4 scrolls of identify {unknown}
 j - a scroll of magic mapping {unknown}
 l - a scroll of fear {unknown}
 p - a scroll of fog {unknown}
 r - 2 scrolls of teleportation {unknown}
Potions
 h - a potion of mutation {unknown}
 i - a potion of cancellation {unknown}
 o - a potion of invisibility {unknown}
Comestibles
 b - 2 rations


   Skills:
 + Level 3.0 Fighting
 + Level 3.2 Dodging
 + Level 1.3 Stealth
 + Level 4.3 Unarmed Combat


You had 3 spell levels left.
You didn't know any spells.
Your spell library contained the following spells:

 Spells                   Type           Power        Failure   Level  Hunger
 Confusing Touch          Hex            #.....       45%         1    ##.....
 Confuse                  Hex            #.......     83%         3    ####...
 Gell's Gravitas          Tloc           #.........   83%         3    ####...
 Petrify                  Tmut/Erth      #.......     99%         4    #####..
 Metabolic Englaciation   Hex/Ice        #.........   100%        5    ######.
 Yara's Violent Unravell  Hex/Tmut       #.........   100%        5    ######.


Dungeon Overview and Level Annotations

Branches:
Dungeon (3/15)

Altars:
Yredelemnul


Innate Abilities, Weirdness & Mutations

You are too large for most types of armour.
You have claws for hands.
Your metabolism is lightning-fast.
You like to eat raw meat.
Your natural rate of healing is unusually fast.
You are covered in fur. (AC +1)
You have very tough skin. (AC +2)


Message History

* * * LOW HITPOINT WARNING * * *
The gnoll hits you but does no damage. The gnoll barely misses you.
You feel better. The gnoll hits you. The gnoll barely misses you.
The gnoll misses you. The gnoll barely misses you.
The gnoll hits you but does no damage.
Drop what? 15/52 slots (_ for help) (? for menu, Esc to quit)
Okay, then.
You claw the gnoll!
The gnoll is almost dead.
The gnoll hits you from afar with a halberd!
* * * LOW HITPOINT WARNING * * *
The gnoll barely misses you. The gnoll hits you but does no damage.
As you read the scroll labeled KOJECAM SUSEUDGH, it crumbles to dust.
You feel blessed for a moment.
It was a scroll of remove curse.
The gnoll closely misses you. The gnoll hits you.
* * * LOW HITPOINT WARNING * * *
The gnoll hits you.
* * * LOW HITPOINT WARNING * * *
The gnoll closely misses you. The gnoll hits you.
You die...

##.## .... #.#. ### ... ..# #
##.. #.# .# #..S##.#
#######.###.ggg#.#
#........... #@#.#####
#.........# #)......#
#........## ###.###.#
#[..<.....# #.# #. ### .
#..........### #.# #.. ..# .
#........#...# #.# #.## #.#
..############.###.# #...##.#
..#...#####.....##.# #..#.#
.......##...###.##.#######..<#


You could see 3 gnolls and an adder.

Vanquished Creatures
  A gnoll shaman (D:3)
  Robin (D:2)
  3 gnolls
  An adder (D:2)
  An ooze (D:2)
  2 dart slugs (D:1)
  3 leopard geckos
  5 bats
  4 giant cockroaches
  9 goblins
  2 hobgoblins
  2 quokkas (D:2)
  5 frilled lizards
  2 kobolds (D:1)
  8 rats
  A spectral orc (D:2)
50 creatures vanquished.

Notes
Turn   | Place    | Note
-------+----------+-------------------------------------------
     0 | D:1      | Marnok the Troll Monk began the quest for the Orb.
     0 | D:1      | Reached XP level 1. HP: 22/22 MP: 0/0
   117 | D:1      | Reached XP level 2. HP: 29/29 MP: 1/1
   379 | D:1      | Reached XP level 3. HP: 36/36 MP: 2/2
   644 | D:2      | Noticed Robin
   655 | D:2      | Killed Robin
   829 | D:2      | Reached XP level 4. HP: 44/44 MP: 3/3
  1307 | D:2      | Found a basalt altar of Yredelemnul.
  1407 | D:3      | Reached skill level 4 in Unarmed Combat
  1425 | D:3      | Slain by a gnoll

Skill      XL: |  1  2  3  4 |
---------------+-------------+-----
Dodging        | 3 |  3.2
Unarmed Combat | 4 |  4.3
Fighting       | 3 |  3.0
Stealth        | |  1.3

Action                   |  1- 3 |  4- 6 || total
-------------------------+-------+-------++-------
Melee: Unarmed           |    99 |    44 ||   143
  Use: Potion            |       |     4 ||     4
       Scroll            |       |     1 ||     1
 Stab: Sleeping          |     3 |     1 ||     4
  Eat: Chunk             |     2 |     3 ||     5
       Ration            |     1 |     1 ||     2
Armor: Robe              |    44 |    26 ||    70
Dodge: Dodged            |    32 |    43 ||    75
